 Dungeon Crawl Stone Soup version 0.23-a0-395-gcf17ac6 (webtiles) character file.

22 CrossKnight the Ducker (level 2, -1/22 HPs)
             Began as a Demonspawn Gladiator on Nov 1, 2018.
             Slain by a leopard gecko (3 damage)
             ... on level 1 of the Dungeon.
             The game lasted 00:01:20 (376 turns).

CrossKnight the Ducker (Demonspawn Gladiator)        Turns: 376, Time: 00:01:21

Health: -1/22      AC:  6    Str: 14    XL:     2   Next: 68%
Magic:  2/2        EV: 13    Int:  9    God:
Gold:   51         SH:  0    Dex: 14    Spells: 1/1 levels left

rFire    . . .     SeeInvis .   a - +0 trident
rCold    . . .     Gourm    .   (no shield)
rNeg     . . .     Faith    .   b - +0 leather armour
rPois    .         Spirit   .   c - +0 helmet
rElec    .         Reflect  .   (no cloak)
rCorr    .         Harm     .   (no gloves)
MR       .....                  (no boots)
Stlth    +.........             (no amulet)
HPRegen  0.07/turn              (no ring)
MPRegen  0.08/turn              (no ring)

@: no status effects
A: icy blue scales 1
a: no special abilities


You were on level 1 of the Dungeon.
You were not hungry.

You visited 1 branch of the dungeon, and saw 1 of its levels.

You collected 51 gold pieces.

Inventory:

Hand Weapons
 a - a +0 trident (weapon)
Missiles
 d - 3 throwing nets (quivered)
Armour
 b - a +0 leather armour (worn)
 c - a +0 helmet (worn)
Scrolls
 g - a scroll of identify {unknown}
 h - a scroll of immolation {unknown}
Potions
 e - a potion of haste {unknown}
Comestibles
 f - a ration


   Skills:
 + Level 2.1 Fighting
 + Level 3.1 Polearms
 + Level 1.8 Throwing
 + Level 0.1 Armour
 + Level 3.1 Dodging


You had one spell level left.
You didn't know any spells.
Your spell library was empty.

Dungeon Overview and Level Annotations

Branches:
Dungeon (1/15)

Altars:


Innate Abilities, Weirdness & Mutations

You are partially covered in icy blue scales. (AC +2)


Message History

The leopard gecko barely misses you. x2
You closely miss the leopard gecko. The leopard gecko bites you.
* * * LOW HITPOINT WARNING * * *
You barely miss the leopard gecko. The leopard gecko bites you.
* * * LOW HITPOINT WARNING * * *
The leopard gecko bites you but does no damage.
You barely miss the leopard gecko. The leopard gecko bites you.
* * * LOW HITPOINT WARNING * * *
You closely miss the leopard gecko. The leopard gecko closely misses you.
You closely miss the leopard gecko.
The leopard gecko completely misses you. x2
You barely miss the leopard gecko. The leopard gecko misses you.
You barely miss the leopard gecko. The leopard gecko barely misses you.
You hit the leopard gecko.
The leopard gecko is moderately wounded.
The leopard gecko closely misses you. The leopard gecko barely misses you.
You hit the leopard gecko but do no damage.
The leopard gecko is moderately wounded.
The leopard gecko bites you.
You die...

#......†..# #
#.##.#####.# %#.#
#.# #)### #.# #.#
#.... # #.# #.#
#####
..#..####.####.#
#..............#
..#..####.########
.>.....@l.$.......
..#.#####.########
#.# ... ..#.. #.#
#.# #. .# ?. .#


You could see a leopard gecko.

Vanquished Creatures
  An ooze (D:1)
  A dart slug (D:1)
  A ball python (D:1)
  3 goblins (D:1)
  5 hobgoblins (D:1)
  A bat (D:1)
  A frilled lizard (D:1)
  A kobold (D:1)
  2 rats (D:1)
16 creatures vanquished.

Notes
Turn   | Place    | Note
-------+----------+-------------------------------------------
     0 | D:1      | CrossKnight the Demonspawn Gladiator began the quest for
                  | the Orb.
     0 | D:1      | Reached XP level 1. HP: 16/16 MP: 1/1
   181 | D:1      | Gained mutation: You are partially covered in icy blue
                  | scales. (AC +2) [demonic ancestry]
   181 | D:1      | Reached XP level 2. HP: 16/22 MP: 2/2
   370 | D:1      | HP: 1/22 [leopard gecko (1)]
   376 | D:1      | Slain by a leopard gecko

Vault maps used:
D:1:      dpeg_arrival_houses_and_road

Skill      XL: |  1  2 |
---------------+-------+-----
Dodging        | 3 |  3.1
Polearms       | 3 |  3.1
Fighting       | |  2.1
Throwing       | |  1.8
Armour         | |  0.1

Action                   || total
-------------------------++-------
Melee: Trident           ||    66
Armor: Leather armour    ||    20
Dodge: Dodged            ||    57

Table legend:
 A = Non-vault XP
 B = Vault XP
 C = Vault XP percentage of total XP
 D = Non-vault monster count
 E = Vault monster count
 F = Vault count percentage of total count
                 A         B        C        D         E       F
            +---------+---------+-------+---------+---------+-------
      Total |      32 |       0 |   0.0 |      16 |       0 |   0.0
            +---------+---------+-------+---------+---------+-------
        D:1 |      32 |       0 |   0.0 |      16 |       0 |   0.0
            +---------+---------+-------+---------+---------+-------
